SL
CHICAGO GOLD SOX @ ROCKY MOUNTAIN NUGGETS
07/21/2028
 
TOP OF THE 1ST
Chicago Gold Sox batting - Pitching for Rocky Mountain Nuggets : LHP Vincent Hall
Pitching: LHP Vincent Hall
Batting: LHB Noel Ballard 0-0: Ball
1-0: Called Strike
1-1: Foul Ball, location: 2F
1-2: Ball
2-2: Ball
3-2: Ground out 5-3 (Groundball, 2L)
Batting: SHB Lupo Cotto 0-0: Called Strike
0-1: Called Strike
0-2: Strikes out swinging
Batting: RHB Ángel Rivera 0-0: Called Strike
0-1: Foul Ball, location: 2F
0-2: Ball
1-2: Strikes out swinging
Top of the 1st over - 0 run(s), 0 hit(s), 0 error(s), 0 left on base; Chicago 0 - Rocky Mountain 0
BOTTOM OF THE 1ST
Rocky Mountain Nuggets batting - Pitching for Chicago Gold Sox : LHP Dan Crowder
Pitching: LHP Dan Crowder
Batting: RHB Luis Ríos 0-0: Ball
1-0: Called Strike
1-1: Called Strike
1-2: Ball
2-2: Fly out, F8 (Flyball, 8LM)
Batting: RHB Sergio Martínez 0-0: Called Strike
0-1: Foul Ball, location: 2F
0-2: Ball
1-2: Ball
2-2: Ball
3-2: Foul Ball, location: 2F
3-2: Foul Ball, location: 2F
3-2: Fly out, F8 (Line Drive, 8RM)
Batting: LHB Roberto Salazar 0-0: Ground out 6-3 (Groundball, 6M)
Bottom of the 1st over - 0 run(s), 0 hit(s), 0 error(s), 0 left on base; Chicago 0 - Rocky Mountain 0
TOP OF THE 2ND
Chicago Gold Sox batting - Pitching for Rocky Mountain Nuggets : LHP Vincent Hall
Batting: RHB Jay Hood 0-0: Called Strike
0-1: Foul Ball, location: 2F
0-2: Ball
1-2: Foul Ball, location: 2F
1-2: Ball
2-2: Foul Ball, location: 2F
2-2: Strikes out looking
Batting: RHB Manuel Guillama 0-0: SINGLE (Line Drive, 9S)
Batting: RHB Matt Love 0-0: Called Strike
0-1: Foul Ball, location: 2F
0-2: Foul Ball, location: 2F
0-2: Foul Ball, location: 2F
0-2: Ball
1-2: Ball
2-2: Foul Ball, location: 2F
2-2: Strikes out swinging
Batting: RHB Jorge Baker 0-0: Foul Ball, location: 2F
0-1: Fly out, F9 (Line Drive, 9)
Top of the 2nd over - 0 run(s), 1 hit(s), 0 error(s), 1 left on base; Chicago 0 - Rocky Mountain 0
BOTTOM OF THE 2ND
Rocky Mountain Nuggets batting - Pitching for Chicago Gold Sox : LHP Dan Crowder
Batting: RHB Iván Vega 0-0: Swinging Strike
0-1: Ball
1-1: Swinging Strike
1-2: Foul Ball, location: 2F
1-2: Strikes out swinging
Batting: LHB Chia-ch'ing Dodman 0-0: Called Strike
0-1: DOUBLE (Line Drive, 89XD)
Batting: RHB David McJannett 0-0: Ball
1-0: Called Strike
1-1: Fly out, F4 (Line Drive, 4D)
Batting: RHB Gary Chalmers 0-0: Ball
1-0: Called Strike
1-1: Ball
2-1: Ball
Wild Pitch!
Chia-ch'ing Dodman to third
3-1: Swinging Strike
3-2: Foul Ball, location: 2F
3-2: Ground out 6-3 (Groundball, 6)
Bottom of the 2nd over - 0 run(s), 1 hit(s), 0 error(s), 1 left on base; Chicago 0 - Rocky Mountain 0
TOP OF THE 3RD
Chicago Gold Sox batting - Pitching for Rocky Mountain Nuggets : LHP Vincent Hall
Batting: LHB Ricardo Collazo 0-0: Ball
1-0: Called Strike
1-1: SINGLE (Groundball, 5L) (infield hit)
Batting: LHB Stanley Belote 0-0: Ball
1-0: Called Strike
1-1: Foul Ball, location: 2F
1-2: Foul Ball, location: 2F
1-2: Ball
2-2: SINGLE (Line Drive, 9LS)
Ricardo Collazo to second
Batting: LHB Noel Ballard 0-0: Ball
1-0: Called Strike
1-1: Swinging Strike
1-2: Foul Ball, location: 2F
1-2: Strikes out swinging
Batting: SHB Lupo Cotto 0-0: Swinging Strike
0-1: Foul Ball, location: 2F
0-2: Ball
1-2: Strikes out looking
Batting: RHB Ángel Rivera 0-0: Foul Ball, location: 2F
0-1: Foul Ball, location: 2F
0-2: Ball
1-2: Foul Ball, location: 2F
1-2: Ball
2-2: Ball
3-2: 3-RUN HOME RUN (Flyball, 78XD), Distance : 411 ft
Batting: RHB Jay Hood 0-0: Ball
1-0: SINGLE (Groundball, 5S) (infield hit)
Batting: RHB Manuel Guillama 0-0: Foul Ball, location: 2F
0-1: Foul Ball, location: 2F
0-2: Ball
1-2: Foul Ball, location: 2F
1-2: Strikes out swinging
Top of the 3rd over - 3 run(s), 4 hit(s), 0 error(s), 1 left on base; Chicago 3 - Rocky Mountain 0
BOTTOM OF THE 3RD
Rocky Mountain Nuggets batting - Pitching for Chicago Gold Sox : LHP Dan Crowder
Batting: RHB Marvin Hunter 0-0: Ball
1-0: Ball
2-0: Called Strike
2-1: Foul Ball, location: 2F
2-2: Ball
3-2: Base on Balls
Batting: RHB Ron Ward 0-0: Called Strike
0-1: Ball
1-1: Ball
Balk!
Marvin Hunter to second
2-1: Called Strike
2-2: Strikes out swinging
Batting: RHB Luis Ríos 0-0: Called Strike
0-1: Foul Ball, location: 2F
0-2: Foul Ball, location: 2F
0-2: Ball
1-2: Foul Ball, location: 2F
1-2: Ball
2-2: Ball
3-2: Fly out, F9 (Flyball, 9S)
Batting: RHB Sergio Martínez 0-0: Called Strike
0-1: SINGLE (Line Drive, 4D)
Marvin Hunter to third
Batting: LHB Roberto Salazar 0-0: Ball
1-0: Called Strike
1-1: Ball
2-1: Ball
3-1: Foul Ball, location: 2F
3-2: SINGLE (Line Drive, 34D)
Marvin Hunter scores
Sergio Martínez to second
Sergio Martínez to third
Batting: RHB Iván Vega 0-0: Ball
1-0: Fly out, F6 (Line Drive, 6)
Bottom of the 3rd over - 1 run(s), 2 hit(s), 0 error(s), 2 left on base; Chicago 3 - Rocky Mountain 1
TOP OF THE 4TH
Chicago Gold Sox batting - Pitching for Rocky Mountain Nuggets : LHP Vincent Hall
Batting: RHB Matt Love 0-0: Ball
1-0: Called Strike
1-1: Foul Ball, location: 2F
1-2: Foul Ball, location: 2F
1-2: Ball
2-2: Strikes out swinging
Batting: RHB Jorge Baker 0-0: Ball
1-0: Foul Ball, location: 2F
1-1: Called Strike
1-2: Fly out, F9 (Flyball, 9LMF)
Batting: LHB Ricardo Collazo 0-0: Ball
1-0: Swinging Strike
1-1: Swinging Strike
1-2: Ball
2-2: Strikes out looking
Top of the 4th over - 0 run(s), 0 hit(s), 0 error(s), 0 left on base; Chicago 3 - Rocky Mountain 1
BOTTOM OF THE 4TH
Rocky Mountain Nuggets batting - Pitching for Chicago Gold Sox : LHP Dan Crowder
Batting: LHB Chia-ch'ing Dodman 0-0: Ball
1-0: Ball
2-0: Called Strike
2-1: Fly out, F9 (Flyball, 9D)
Batting: RHB David McJannett 0-0: Ball
1-0: Called Strike
1-1: Swinging Strike
1-2: SINGLE (Groundball, 4) (infield hit)
Batting: RHB Gary Chalmers 0-0: Ball
1-0: Ball
2-0: Called Strike
2-1: Called Strike
2-2: Strikes out swinging
Batting: RHB Marvin Hunter 0-0: Fielders Choice at 2nd, 6-4 (Groundball, 6)
Bottom of the 4th over - 0 run(s), 1 hit(s), 0 error(s), 0 left on base; Chicago 3 - Rocky Mountain 1
TOP OF THE 5TH
Chicago Gold Sox batting - Pitching for Rocky Mountain Nuggets : LHP Vincent Hall
Batting: LHB Stanley Belote 0-0: Foul Ball, location: 2F
0-1: Called Strike
0-2: Foul Ball, location: 2F
0-2: Ball
1-2: SINGLE (Groundball, 34D)
Batting: LHB Noel Ballard 0-0: Foul Ball, location: 2F
0-1: Swinging Strike
0-2: Ball
1-2: Foul Ball, location: 2F
1-2: Ball
Stanley Belote steals 2nd base
2-2: Fly out, F7 (Flyball, 78M)
Batting: SHB Lupo Cotto 0-0: Called Strike
0-1: Ball
1-1: Ball
2-1: Ball
3-1: Ground out 5-3 (Groundball, 56S)
Stanley Belote to third
Batting: RHB Ángel Rivera 0-0: Fly out, F9 (Flyball, 9)
Top of the 5th over - 0 run(s), 1 hit(s), 0 error(s), 1 left on base; Chicago 3 - Rocky Mountain 1
BOTTOM OF THE 5TH
Rocky Mountain Nuggets batting - Pitching for Chicago Gold Sox : LHP Dan Crowder
Batting: RHB Ron Ward 0-0: Swinging Strike
0-1: Ground out 6-3 (Groundball, 6)
Batting: RHB Luis Ríos 0-0: Ball
1-0: SINGLE (Groundball, 4MD)
Batting: RHB Sergio Martínez 0-0: Fly out, F4 (Popup, 34)
Batting: LHB Roberto Salazar 0-0: Ball
1-0: Fielders Choice at 2nd, 4-6 (Groundball, 4)
Bottom of the 5th over - 0 run(s), 1 hit(s), 0 error(s), 0 left on base; Chicago 3 - Rocky Mountain 1
TOP OF THE 6TH
Chicago Gold Sox batting - Pitching for Rocky Mountain Nuggets : LHP Vincent Hall
Batting: RHB Jay Hood 0-0: Swinging Strike
0-1: Fly out, F9 (Flyball, 9LS)
Batting: RHB Manuel Guillama 0-0: Swinging Strike
0-1: Swinging Strike
0-2: Ball
1-2: Strikes out swinging
Batting: RHB Matt Love 0-0: Called Strike
0-1: Ball
1-1: Swinging Strike
1-2: Ball
2-2: Fly out, F9 (Flyball, 9LM)
Top of the 6th over - 0 run(s), 0 hit(s), 0 error(s), 0 left on base; Chicago 3 - Rocky Mountain 1
BOTTOM OF THE 6TH
Rocky Mountain Nuggets batting - Pitching for Chicago Gold Sox : LHP Dan Crowder
Batting: RHB Iván Vega 0-0: Called Strike
0-1: Called Strike
0-2: Ground out 5-3 (Groundball, 5)
Batting: LHB Chia-ch'ing Dodman 0-0: Ball
1-0: Foul Ball, location: 2F
1-1: SINGLE (Groundball, 34D)
Batting: RHB David McJannett 0-0: Ball
1-0: Ball
2-0: Foul Ball, location: 2F
2-1: Ball
3-1: Base on Balls
Chia-ch'ing Dodman to second
Pitching: RHP Gordon Fry
Batting: RHB Gary Chalmers 0-0: Ball
1-0: Foul Ball, location: 2F
1-1: Ball
2-1: Foul Ball, location: 2F
2-2: Strikes out swinging
Batting: RHB Marvin Hunter 0-0: Called Strike
0-1: Foul Ball, location: 2F
0-2: Foul Ball, location: 2F
0-2: Strikes out swinging
Bottom of the 6th over - 0 run(s), 1 hit(s), 0 error(s), 2 left on base; Chicago 3 - Rocky Mountain 1
TOP OF THE 7TH
Chicago Gold Sox batting - Pitching for Rocky Mountain Nuggets : LHP Vincent Hall
Pitching: RHP Hunter Wilson
Batting: RHB Jorge Baker 0-0: Ball
1-0: Ball
2-0: Foul Ball, location: 2F
2-1: Ground out 4-3 (Groundball, 4M)
Batting: LHB Ricardo Collazo 0-0: Swinging Strike
0-1: Swinging Strike
0-2: Foul Ball, location: 2F
0-2: Strikes out swinging
Batting: LHB Stanley Belote 0-0: Ground out 4-3 (Groundball, 4)
Top of the 7th over - 0 run(s), 0 hit(s), 0 error(s), 0 left on base; Chicago 3 - Rocky Mountain 1
BOTTOM OF THE 7TH
Rocky Mountain Nuggets batting - Pitching for Chicago Gold Sox : RHP Gordon Fry
Batting: RHB Ron Ward 0-0: Ball
1-0: SINGLE (Groundball, 5D)
Batting: RHB Luis Ríos 0-0: Bunted foul
0-1: Sac Bunt - play at first, batter OUT! 2-4
Ron Ward to second
Batting: RHB Sergio Martínez 0-0: Ball
1-0: Ball
2-0: Ball
3-0: Base on Balls
Batting: LHB Roberto Salazar 0-0: Called Strike
0-1: Ball
1-1: Ball
2-1: Fly out, F6 (Popup, 6)
Batting: RHB Iván Vega 0-0: Foul Ball, location: 2F
0-1: Swinging Strike
0-2: Foul Ball, location: 2F
0-2: Ball
1-2: SINGLE (Groundball, 6MD)
Ron Ward to third
Sergio Martínez to second
Runner from 3rd tries for Home, SAFE, no throw
Batting: LHB Chia-ch'ing Dodman 0-0: Called Strike
0-1: Foul Ball, location: 2F
0-2: Ball
1-2: Ball
2-2: Fly out, F6 (Flyball, 6MD)
Bottom of the 7th over - 1 run(s), 2 hit(s), 0 error(s), 2 left on base; Chicago 3 - Rocky Mountain 2
TOP OF THE 8TH
Chicago Gold Sox batting - Pitching for Rocky Mountain Nuggets : RHP Hunter Wilson
Batting: LHB Noel Ballard 0-0: Ball
1-0: Ball
2-0: Ball
3-0: Called Strike
3-1: Swinging Strike
3-2: Ground out 5-3 (Groundball, 5L)
Batting: SHB Lupo Cotto 0-0: SINGLE (Groundball, 4S) (infield hit)
Pinch Hitting: LHB Melvin Castro 0-0: Called Strike
0-1: Ball
1-1: Foul Ball, location: 2F
1-2: Ground out 2-3 (Groundball, 15S)
Lupo Cotto to second
Pinch Hitting: LHB Dewitt Hopper 0-0: Called Strike
0-1: Fly out, F4 (Line Drive, 4)
Top of the 8th over - 0 run(s), 1 hit(s), 0 error(s), 1 left on base; Chicago 3 - Rocky Mountain 2
BOTTOM OF THE 8TH
Rocky Mountain Nuggets batting - Pitching for Chicago Gold Sox : RHP Gordon Fry
Pitching: RHP Decheng Sun
Now in LF: Melvin Castro
Batting: RHB David McJannett 0-0: Swinging Strike
Now in LF: Dewitt Hopper 0-1: Swinging Strike
0-2: Ground out 6-3 (Groundball, 6S)
Batting: RHB Gary Chalmers 0-0: Ground out 5-3 (Groundball, 56)
Batting: RHB Marvin Hunter 0-0: SINGLE (Line Drive, 6MD)
Batting: RHB Ron Ward 0-0: Called Strike
0-1: DOUBLE (Flyball, 8LD)
Marvin Hunter to third
Runner from 3rd tries for Home, SAFE, no throw
Batting: RHB Luis Ríos 0-0: Swinging Strike
0-1: Ball
1-1: Ball
2-1: Ball
3-1: Ground out 6-3 (Groundball, 6S)
Bottom of the 8th over - 1 run(s), 2 hit(s), 0 error(s), 1 left on base; Chicago 3 - Rocky Mountain 3
TOP OF THE 9TH
Chicago Gold Sox batting - Pitching for Rocky Mountain Nuggets : RHP Hunter Wilson
Pitching: RHP Jorge Garza
Pinch Hitting: LHB Sergio Rodríguez 0-0: Called Strike
0-1: Ball
1-1: Called Strike
1-2: Ball
2-2: Ground out 3-1 (Groundball, 34)
Batting: RHB Matt Love 0-0: Foul Ball, location: 2F
0-1: Fly out, F8 (Flyball, 8RD)
Batting: RHB Jorge Baker 0-0: Ball
1-0: Ball
2-0: Foul Ball, location: 2F
2-1: Ball
3-1: DOUBLE (Line Drive, 9LM)
Batting: LHB Ricardo Collazo 0-0: Ball
1-0: Ball
2-0: Called Strike
2-1: Ball
3-1: SINGLE (Line Drive, 4D)
Jorge Baker to third
Runner from 3rd tries for Home, throw and OUT!
Top of the 9th over - 0 run(s), 2 hit(s), 0 error(s), 1 left on base; Chicago 3 - Rocky Mountain 3
BOTTOM OF THE 9TH
Rocky Mountain Nuggets batting - Pitching for Chicago Gold Sox : RHP Decheng Sun
Now at C: Eddie Flynn
Batting: RHB Sergio Martínez 0-0: Ball
1-0: Ground out 6-3 (Groundball, 6S)
Batting: LHB Roberto Salazar 0-0: Called Strike
0-1: Ball
1-1: SINGLE (Flyball, 9S)
Batting: RHB Iván Vega 0-0: Ball
1-0: Swinging Strike
1-1: Ball
2-1: Called Strike
2-2: Foul Ball, location: 2F
2-2: Foul Ball, location: 2F
2-2: Ball
3-2: Foul Ball, location: 2F
3-2: Foul Ball, location: 2F
3-2: Ground out 5-3 (Groundball, 56)
Roberto Salazar to second
Batting: LHB Chia-ch'ing Dodman 0-0: Swinging Strike
0-1: Foul Ball, location: 2F
0-2: Fly out, F3 (Popup, 3L)
Bottom of the 9th over - 0 run(s), 1 hit(s), 0 error(s), 1 left on base; Chicago 3 - Rocky Mountain 3
TOP OF THE 10TH
Chicago Gold Sox batting - Pitching for Rocky Mountain Nuggets : RHP Jorge Garza
Batting: LHB Stanley Belote 0-0: Fly out, F8 (Flyball, 8RD)
Batting: LHB Noel Ballard 0-0: Swinging Strike
0-1: Fly out, F2 (Popup, 23)
Batting: SHB Lupo Cotto 0-0: Ball
1-0: Called Strike
1-1: Called Strike
1-2: Fly out, F8 (Flyball, 8RS)
Top of the 10th over - 0 run(s), 0 hit(s), 0 error(s), 0 left on base; Chicago 3 - Rocky Mountain 3
BOTTOM OF THE 10TH
Rocky Mountain Nuggets batting - Pitching for Chicago Gold Sox : RHP Decheng Sun
Batting: RHB David McJannett 0-0: Ball
1-0: Ball
2-0: Foul Ball, location: 2F
2-1: Ground out 5-3 (Groundball, 56S)
Batting: RHB Gary Chalmers 0-0: Called Strike
0-1: Ball
1-1: Called Strike
1-2: SINGLE (Groundball, 6MD)
Pinch Runner at 1st Manuel Becerra:
Batting: RHB Marvin Hunter 0-0: Ball
1-0: Swinging Strike
1-1: Called Strike
1-2: Strikes out swinging
Manuel Becerra steals 2nd base
Batter strikes out.
Batting: RHB Ron Ward 0-0: Foul Ball, location: 2F
0-1: Called Strike
0-2: SINGLE (Flyball, 89S)
Manuel Becerra to third
Runner from 3rd tries for Home, SAFE, no throw
Thursday, August 17th, 2017 - OOTP Baseball 17.12 Build 75